cohdb
Replays
Latest Replays
All Replays
Popular Replays
Top Player Replays
Match Explorer
How It Works
Community
CoH3 Stats
Reddit
Sign in to upload your games and track your stats! →
Sign in with Steam
Match 45182161
Unlisted
Match 45182161
Overview
Messages
Build Orders
End
Construct Infanterie Kompanie
Selects Breakthrough Battlegroup
Grenadier Squad
Grenadier Squad
MG 42 Machine Gun Team
Grenadier Squad
Infanterie Officer Quarters
Selects Assault Grenadiers
GrW 34 Mortar Team
Construct Luftwaffe Kompanie
Jäger Squad
Selects Breakthrough
Selects Mechanized Assault Group
Support Elements
Wirbelwind Flakpanzer
Mechanized Assault Group
pagep
7k this year for sure
MonKeY
lifetec
0
0
Comments
sign in to comment!
No comments posted yet!